 Dungeon Crawl Stone Soup version 0.28-a0-1444-g6c55d0bc0c (webtiles) character file.

Game seed: 15357972273478840215

179 Deminshera the Skirmisher (level 5, -5/46 HPs)
             Began as a Ghoul Monk on Jan 10, 2022.
             Splashed by a jelly's acid (8 damage)
             ... on level 6 of the Dungeon.
             The game lasted 00:02:52 (3075 turns).

Deminshera the Skirmisher (Ghoul Monk)              Turns: 3075, Time: 00:02:52

Health: -5/46      AC:  4    Str: 17    XL:     5   Next: 59%
Magic:  4/4        EV:  7    Int:  5    God:
Gold:   105        SH:  0    Dex: 11    Spells: 4/4 levels left

rFire   . . .      SeeInvis .     - Unarmed
rCold   + . .      Faith    .   (no shield)
rNeg    + + +      Spirit   .   j - +0 chain mail
rPois   ∞          Reflect  .   (no helmet)
rElec   .          Harm     .   (no cloak)
rCorr   .          Rampage  .   (no gloves)
Will    .....                   (no boots)
Stlth   ..........              m - amulet of magic regeneration
HPRegen 0.00/turn               (no ring)
MPRegen 0.49/turn               (no ring)

@: corroded, inhibited regen
A: claws 1, cold resistance 1, negative energy resistance 3, inhibited
regeneration, torment resistance 2
a: no special abilities


You were on level 6 of the Dungeon.
You visited 1 branch of the dungeon, and saw 4 of its levels.

You collected 105 gold pieces.

Inventory:

Missiles
 d - 9 boomerangs
 e - 8 poisoned darts (quivered)
Armour
 j - a +0 chain mail (worn)
Jewellery
 m - an amulet of magic regeneration (around neck)
Scrolls
 a - a scroll of identify {unknown}
 c - a scroll of fog {unknown}
 g - a scroll of blinking {unknown}
 i - a scroll of fear {unknown}
Potions
 b - a potion of invisibility {unknown}
 f - 2 potions of lignification {unknown}
 k - a potion of mutation {unknown}
 l - a potion of haste {unknown}


   Skills:
 - Level 3.9 Fighting
 + Level 3.9 Throwing
 - Level 2.6 Dodging
 - Level 2.1 Stealth
 - Level 3.9 Unarmed Combat


You had 4 spell levels left.
You didn't know any spells.
Your spell library was empty.

Dungeon Overview and Level Annotations

Branches:
Dungeon (3/15)

Altars:
Trog


Innate Abilities, Weirdness & Mutations

You thrive by killing the living.
You are immune to poison.
You have sharp fingernails.
Your flesh is cold resistant. (rC+)
You are immune to negative energy. (rN+++)
You do not regenerate when monsters are visible.
You are immune to unholy pain and torment.


Message History

The scorpion is heavily wounded.
The gnoll closely misses you. The gnoll hits you but does no damage.
The scorpion stings you.
You scratch the scorpion.
The scorpion is heavily wounded.
The gnoll hits you with a +0 flail.
The gnoll hits you from afar with a +0 spear.
The scorpion stings you.
You closely miss the scorpion.
The scorpion is heavily wounded.
The gnoll barely misses you. The gnoll hits you but does no damage.
The scorpion stings you.
You scratch the scorpion but do no damage.
The scorpion is heavily wounded.
Your surroundings suddenly seem different.
A jelly comes into view.
Found a scroll labelled TALESA XEKHUCY.
You scratch the jelly.
Your claws burn!
The jelly is lightly wounded.
The jelly hits you.
You are splashed with acid!
You are too injured to fight recklessly!
You are too injured to fight recklessly!
You are too injured to fight recklessly!
You scratch the jelly. The acid corrodes you!
Your claws burn!
The jelly is heavily wounded.
The jelly hits you but does no damage.
You barely miss the jelly.
The jelly is heavily wounded.
The jelly hits you.
You are splashed with acid.
* * * LOW HITPOINT WARNING * * *
You scratch the jelly but do no damage.
Your claws burn!
* * * LOW HITPOINT WARNING * * *
The jelly is heavily wounded.
The jelly closely misses you.
You barely miss the jelly.
The jelly is heavily wounded.
The jelly hits you.
* * * LOW HITPOINT WARNING * * *
You are splashed with acid!
You die...

#### ..# #.#
#.####.#####
#..........#
######@###.#
#J# ..# ...#
..... ###.##
#? #.


You could see a jelly.

Vanquished Creatures
  A bullfrog zombie (D:3)
  A hound (D:3)
  Terence (D:3)
  An adder (D:3)
  A worm (D:2)
  2 dart slugs (D:1)
  9 orcs
  5 ball pythons
  7 endoplasms
  5 giant cockroaches
  3 goblins
  6 hobgoblins
  2 quokkas
  3 bats
  5 frilled lizards
  A kobold (D:1)
  11 rats
64 creatures vanquished.

Notes
Turn   | Place    | Note
-------+----------+-------------------------------------------
     0 | D:1      | Deminshera the Ghoul Monk began the quest for the Orb.
     0 | D:1      | Reached XP level 1. HP: 19/19 MP: 0/0
   134 | D:1      | Reached XP level 2. HP: 4/26 MP: 1/1
   167 | D:1      | HP: 1/26 [dart slug/slug dart (3)]
  1172 | D:1      | Reached XP level 3. HP: 33/33 MP: 2/2
  1423 | D:2      | Found a bloodstained altar of Trog.
  1426 | D:2      | Reached skill level 1 in Throwing
  1811 | D:2      | Reached XP level 4. HP: 40/40 MP: 3/3
  2010 | D:3      | Noticed Terence
  2018 | D:3      | Killed Terence
  2804 | D:3      | Reached XP level 5. HP: 41/46 MP: 4/4
  3062 | D:3      | You fall into a shaft and drop 3 floors!
  3075 | D:6      | Splashed by a jelly's acid

Illustrated notes

Levels and vault maps discovered:
D:1:      minmay_arrival_doors, layout_loops_ring, hangedman_decor_push
D:2:      layout_rooms, basic_altar
D:3:      layout_loops_corners, minmay_cut_off, uniq_terence
D:6:      layout_loops_ring, minmay_temple_entry_overgrown

Skill      XL: |  1  2  3  4 |
---------------+-------------+-----
Throwing       | 1 3 |  3.9
Fighting       | |  3.9
Dodging        | |  2.6
Stealth        | |  2.1
Unarmed Combat | |  3.9

Action                   |  1- 3 |  4- 6 || total
-------------------------+-------+-------++-------
Melee: Unarmed           |   102 |    84 ||   186
       Punch             |     2 |     2 ||     4
Throw: Dart              |    26 |    12 ||    38
       Boomerang         |     6 |       ||     6
  Use: Scroll            |       |     1 ||     1
 Stab: Sleeping          |     5 |       ||     5
Armor: Robe              |     9 |       ||     9
       Leather armour    |     2 |     1 ||     3
       Chain mail        |       |    51 ||    51
Dodge: Dodged            |    61 |    46 ||   107

Table legend: (Time is in decaauts)
 A = Elapsed time spent in this place.
 B = Non-inter-level travel time spent in this place.
 C = Inter-level travel time spent in this place.
 D = Time resting spent in this place.
 E = Time spent auto-exploring this place.
 F = Levels seen in this place.
 G = Mean time per level.
                   A        B        C        D        E       F      G
               +--------+--------+--------+--------+--------+-----+--------+
         Total |   3059 |   2976 |     83 |    736 |   1711 |   4 |  764.8 |
       Dungeon |   3059 |   2976 |     83 |    736 |   1711 |   4 |  764.8 |
               +--------+--------+--------+--------+--------+-----+--------+

Top non-repeatable levels by time:
     D:1: 1420 daAuts
     D:3: 1044 daAuts
     D:2: 582 daAuts
     D:6: 12 daAuts
